Construct Section Command Post
Construct Platoon Command Post
6-pounder Anti-tank Gun Team
Unlock Bishop Self-propelled Artillery
Bishop Self-propelled Artillery
Selects Air and Sea Battlegroup
Selects Commando Section Paradrop
Selects Commando Support Section Paradrop
Bishop Self-propelled Artillery
Construct Company Command Post
Selects Anti-tank Rocket Loiter
Commando Support Section Paradrop
Unlock M3 Grant Medium Tanks
Commando Support Section Paradrop